 Dungeon Crawl Stone Soup version 0.24-a0-235-g3f03afc (webtiles) character file.

Game seed: 14148237989314967956

88 Partyfoot the Stinger (level 4, -2/30 HPs)
             Began as a Demonspawn Venom Mage on Apr 7, 2019.
             Was an Initiate of Okawaru.
             Killed from afar by an orc wizard (8 damage)
             ... with a puff of frost
             ... on level 2 of the Dungeon.
             The game lasted 00:09:31 (2456 turns).

Partyfoot the Stinger (Demonspawn Venom Mage)       Turns: 2456, Time: 00:09:32

Health: -2/30      AC:  5    Str: 10    XL:     4   Next: 29%
Magic:  7/7        EV: 12    Int: 16    God:    Okawaru [......]
Gold:   57         SH:  0    Dex: 13    Spells: 5/8 levels left

rFire    . . .     SeeInvis .   i - +2 dagger (venom)
rCold    . . .     Gourm    .   (no shield)
rNeg     . . .     Faith    .   a - +0 robe
rPois    .         Spirit   .   m - +1 hat
rElec    .         Reflect  .   (no cloak)
rCorr    .         Harm     .   (no gloves)
MR       .....                  f - +1 pair of boots
Stlth    +++.......             (no amulet)
HPRegen  0.10/turn              (no ring)
MPRegen  0.10/turn              (no ring)

@: no status effects
A: talons 1, nightstalker 1
a: Renounce Religion


You were on level 2 of the Dungeon.
You worshipped Okawaru.
Okawaru was noncommittal.
You were not hungry.

You visited 1 branch of the dungeon, and saw 3 of its levels.

You collected 57 gold pieces.

Inventory:

Hand Weapons
 b - a +0 spear
 i - a +2 dagger of venom (weapon)
Armour
 a - a +0 robe (worn)
 f - a +1 pair of boots (worn)
 m - a +1 hat (worn)
Jewellery
 l - a +1 ring of protection {unknown}
Scrolls
 d - 4 scrolls of identify {unknown}
 h - a scroll of noise {unknown}
 j - 2 scrolls of remove curse {unknown}
 k - a scroll of magic mapping {unknown}
Potions
 e - a potion of degeneration {unknown}
Comestibles
 c - 2 rations
 g - 12 chunks of flesh


   Skills:
 + Level 0.3 Fighting
 - Level 2.3 Dodging
 + Level 2.5 Stealth
 + Level 2.5 Spellcasting
 - Level 1.9 Conjurations
 + Level 0.2 Air Magic
 - Level 3.4 Poison Magic


You had 5 spell levels left.
You knew the following spells:

 Your Spells              Type           Power        Failure   Level  Hunger
a - Sting                 Conj/Pois      ##..         7%          1    #......
b - Poisonous Vapours     Pois/Air       #.....       14%         2    ##.....

Your spell library contained the following spells:

 Spells                   Type           Power        Failure   Level  Hunger
 Beastly Appendage        Tmut           #.....       21%         1    #......
 Mephitic Cloud           Conj/Pois/Air  #.......     26%         3    ###....
 Spider Form              Tmut/Pois      #.........   28%         3    ###....
 Sticks to Snakes         Tmut           #.......     30%         2    ##.....
 Olgreb's Toxic Radiance  Pois           ##......     43%         4    #####..
 Venom Bolt               Conj/Pois      ##........   88%         5    ######.
 Ice Form                 Ice/Tmut       #.......     89%         4    #####..
 Blade Hands              Tmut           #.........   99%         5    ######.


Dungeon Overview and Level Annotations

Branches:
Dungeon (3/15)

Altars:
Gozag
Nemelex Xobeh
Okawaru
Qazlal
Zin


Innate Abilities, Weirdness & Mutations

You have sharp toenails.
You are slightly more attuned to the shadows.


Message History

You are too injured to fight recklessly!
You hit the orc.
The orc is poisoned.
The orc is lightly wounded.
Something hits you but does no damage.
Deactivating autopickup; reactivate with Ctrl-A.
The orc hits you but does no damage. Something hits you but does no damage.
You barely miss the orc.
The orc is moderately wounded.
The orc barely misses you. Something barely misses you.
The orc closely misses you.
You hit the orc.
The orc is poisoned.
The orc is moderately wounded.
Something hits you. The orc hits you with a +0 club.
The orc completely misses you. Something hits you.
* * * LOW HITPOINT WARNING * * *
You barely miss something.
You hear some strange, mumbled words.
A puff of frost appears from out of thin air!
The puff of frost hits you!
You die...

#.##..#.##
##÷....#.8.8.#.#.8.8.
#.##..###
##....##...##.##...#
#.##..#######
##...######...#####
#...........# ##'##
##.## ####..#####.#
#.# #.# ##...#####.#
#.##### #.#
#..........#
##.#...## #.#
#.......##.#
##.o...>.###.#
#.....#.##.#
#.@o......÷..#
##....#.##.#
##.......#####
###.....<.# ##.#...##
##.#.##.########.##
#.#.............#
#.####.##########
#......# ########


You could see 2 orcs.

Vanquished Creatures
  2 adders
  2 worms
  3 dart slugs
  4 leopard geckos
  2 orcs
  7 bats
  9 goblins
  5 hobgoblins
  7 kobolds
  6 frilled lizards
  9 rats
56 creatures vanquished.

Notes
Turn   | Place    | Note
-------+----------+-------------------------------------------
     0 | D:1      | Partyfoot the Demonspawn Venom Mage began the quest for the
                  | Orb.
     0 | D:1      | Reached XP level 1. HP: 13/13 MP: 3/3
   460 | D:1      | Gained mutation: You have sharp toenails. [demonic
                  | ancestry]
   460 | D:1      | Reached XP level 2. HP: 7/19 MP: 5/5
   748 | D:1      | Learned a level 2 spell: Poisonous Vapours
  1160 | D:2      | Found an opulent altar of Gozag.
  1316 | D:2      | Reached XP level 3. HP: 8/24 MP: 6/6
  1861 | D:2      | Found a stormy altar of Qazlal.
  1948 | D:2      | Found a stormy altar of Qazlal.
  1951 | D:2      | Found a glowing silver altar of Zin.
  1973 | D:2      | Found a sparkling altar of Nemelex Xobeh.
  1976 | D:2      | Found an iron altar of Okawaru.
  1982 | D:2      | Became a worshipper of Warmaster Okawaru
  2272 | D:3      | Gained mutation: You are slightly more attuned to the
                  | shadows. [demonic ancestry]
  2272 | D:3      | Reached XP level 4. HP: 22/30 MP: 7/7
  2358 | D:3      | Found a faded altar of an unknown god.
  2456 | D:2      | Killed from afar by an orc wizard

Levels and vault maps discovered:
D:1:      lemuel_arrival_room, layout_basic
D:2:      layout_loops_corners, grunt_temple_overflow_cloverleaf,
          lemuel_doored_altar, grunt_qazlal_sundering
D:3:      layout_rooms, fedhas_altar_2, chequers_ecumenical_altar_simple

Skill      XL: |  1  2 |
---------------+-------+-----
Stealth        | 2 |  2.5
Dodging        | 2 |  2.3
Fighting       | |  0.3
Spellcasting   | |  2.5
Conjurations   | |  1.9
Air Magic      | |  0.2
Poison Magic   | |  3.4

Action                   |  1- 3 |  4- 6 || total
-------------------------+-------+-------++-------
Melee: Unarmed           |    33 |       ||    33
       Spear             |    44 |       ||    44
       Dagger            |    70 |    35 ||   105
 Cast: Sting             |     2 |       ||     2
 Stab: Distracted        |     1 |       ||     1
       Sleeping          |    10 |     2 ||    12
  Eat: Chunk             |     4 |     1 ||     5
Armor: Robe              |    28 |    11 ||    39
Dodge: Dodged            |    80 |    26 ||   106

Table legend:
 A = Non-vault XP
 B = Vault XP
 C = Vault XP percentage of total XP
 D = Non-vault monster count
 E = Vault monster count
 F = Vault count percentage of total count
                 A         B        C        D         E       F
            +---------+---------+-------+---------+---------+-------
      Total |     126 |       0 |   0.0 |      56 |       0 |   0.0
            +---------+---------+-------+---------+---------+-------
        D:1 |      35 |       0 |   0.0 |      19 |       0 |   0.0
        D:2 |      52 |       0 |   0.0 |      24 |       0 |   0.0
        D:3 |      39 |       0 |   0.0 |      13 |       0 |   0.0
            +---------+---------+-------+---------+---------+-------
